 Seeded DCSS version 0.32-a0-30-gefbe487952 (webtiles) character file.

Game seed: 9872065412798756122 (custom seed)

3070 timneilson the Blocker (level 9, -8/55 HPs)
             Began as a Gargoyle Fighter on Jan 19, 2024.
             Was a Follower of Makhleb.
             Killed from afar by a deep elf pyromancer (29 damage)
             ... with a bolt of fire
             ... on level 7 of the Dungeon.
             The game lasted 00:12:36 (6461 turns).

timneilson the Blocker (Gargoyle Fighter)           Turns: 6461, Time: 00:12:38

Health: -8/55      AC: 21    Str: 20    XL:     9   Next: 88%
Magic:  0/10       EV:  9    Int:  6    God:    Makhleb [*.....]
Gold:   1124       SH:  7    Dex: 13    Spells: 8/8 levels left

rFire   . . .        x - +0 scimitar (freeze)
rCold   + . .        c - +1 buckler
rNeg    + + .        p - +0 chain mail
rPois   ∞            m - +2 helmet
rElec   +            (no cloak)
rCorr   +            y - +0 pair of gloves "Witi" {rC+ rN+ rCorr Int-3}
SInv    +            (no boots)
Will    .....        k - amulet of guardian spirit Stlth
                     A - ring of see invisible
HPRegen 0.29/turn    (no ring)
MPRegen 0.12/turn

%: guardian spirit
@: studying 2 skills
A: sickness immunity, AC +6, negative energy resistance 1, electricity
resistance, torment resistance 1, petrification resistance
a: Renounce Religion


You were on level 7 of the Dungeon.
You worshipped Makhleb.
Makhleb was aware of your devotion.
You visited 2 branches of the dungeon, and saw 8 of its levels.

You collected 1124 gold pieces.

Inventory:

Hand Weapons
 a - a +1 long sword of draining
 x - a +0 scimitar of freezing (weapon)
Armour
 c - a +1 buckler (worn)
 m - a +2 helmet (worn)
 p - a +0 chain mail (worn)
 y - the +0 pair of gloves "Witi" (worn) {rC+ rN+ rCorr Int-3}
   (You acquired it on level 6 of the Dungeon)

   Int-3:     It affects your intelligence (-3).
   rC+:       It protects you from cold.
   rN+:       It protects you from negative energy.
   rCorr:     It protects you from acid and corrosion.
Jewellery
 k - an amulet of guardian spirit (around neck)
 A - a ring of see invisible (left hand)
 B - the ring of Casuq {Str+6 Int+5}
   (You took it off a centaur on level 7 of the Dungeon)

   [ring of strength]

   Str+6:     It affects your strength (+6).
   Int+5:     It affects your intelligence (+5).
Wands
 v - a wand of paralysis (4)
 w - a wand of iceblast (9)
Scrolls
 e - 3 scrolls of revelation
 g - 3 scrolls of teleportation
 h - a scroll of fear
 j - a scroll of brand weapon
 l - a scroll of poison
 q - a scroll of identify
 s - a scroll of fog
 u - 2 scrolls of amnesia
 z - a scroll of silence {unknown}
Potions
 b - 2 potions of enlightenment
 d - a potion of might
 f - 3 potions of magic {unknown}
 i - 3 potions of mutation
 n - a potion of brilliance
 o - a potion of heal wounds
 r - 2 potions of curing
 t - 3 potions of invisibility


   Skills:
 + Level 6.0 Fighting
 * Level 6.1 Long Blades
 * Level 7.8 Armour
 + Level 3.5 Dodging
 * Level 9.0 Shields
 + Level 2.3 Invocations
 + Level 2.5 Evocations


You had 8 spell levels left.
You didn't know any spells.
Your spell library contained the following spells:

 Spells                   Type           Power      Damage    Failure   Level
 Call Imp                 Summ           0%         N/A       99%         2
 Ensorcelled Hibernation  Hex/Ice        0%         N/A       99%         2
 Passwall                 Erth           0%         N/A       100%        3
 Swiftness                Air            0%         N/A       100%        3
 Summon Hydra             Summ           0%         N/A       100%        7
 Sublimation of Blood     Necr           Unusable   N/A       N/A         2

Dungeon Overview and Level Annotations

Branches:
Dungeon (7/15)             Temple (1/1) D:5

Altars:
Ashenzari
Cheibriados
Dithmenos
Elyvilon
Fedhas
Gozag
Hepliaklqana
Kikubaaqudgha
Makhleb
Nemelex Xobeh
Okawaru
Qazlal
Ru
Sif Muna
Uskayaw
Vehumet
Wu Jian
Xom
Yredelemnul
Zin
The Shining One

Shops:
D:1 :

Annotations:
D:3 3 runed translucent doors, partyrob117's ghost, amateur MiBe
D:4 2 runed translucent doors, experimilk's ghost, amateur TrGl
Temple 2 transporters


Innate Abilities, Weirdness & Mutations

You are immune to sickness and miasma.
Your stone body is resilient. (AC +6)
You are immune to poison.
You resist negative energy. (rN+)
You are resistant to electric shocks. (rElec)
You are resistant to unholy torment.
You are immune to petrification.


Message History

Things that are here:
a +0 glaive; a +0 chain mail The deep elf pyromancer closely misses you.
You closely miss the deep elf pyromancer.
The deep elf pyromancer hits you but does no damage.
You hit the deep elf pyromancer. You freeze the deep elf pyromancer.
The deep elf pyromancer is lightly wounded.
The deep elf pyromancer hits you with a +2 dagger of holy wrath.
You closely miss the deep elf pyromancer.
The deep elf pyromancer is lightly wounded.
The deep elf pyromancer hits you with a +2 dagger of holy wrath.
You barely miss the deep elf pyromancer.
The deep elf pyromancer is lightly wounded.
The deep elf pyromancer gestures wildly while chanting.
The deep elf pyromancer blinks!
You slash the deep elf pyromancer! You freeze the deep elf pyromancer.
The deep elf pyromancer is heavily wounded.
The deep elf pyromancer hits you but does no damage.
You barely miss the deep elf pyromancer.
The deep elf pyromancer is heavily wounded.
The deep elf pyromancer hits you but does no damage.
The deep elf pyromancer completely misses you.
You barely miss the deep elf pyromancer.
The deep elf pyromancer is heavily wounded.
The deep elf pyromancer casts a spell at you.
The bolt of fire hits you!!
You slash the deep elf pyromancer! You freeze the deep elf pyromancer.
The deep elf pyromancer is severely wounded.
The deep elf pyromancer mumbles some strange words.
You barely miss the deep elf pyromancer.
The deep elf pyromancer is severely wounded.
The deep elf pyromancer hits you but does no damage.
The fire elemental hits you. The fire elemental burns you!
You closely miss the deep elf pyromancer.
The deep elf pyromancer is severely wounded.
The fire elemental hits you. The fire elemental burns you!
The deep elf pyromancer gestures at you while chanting.
The bolt of fire hits you!!
Ouch! That really hurt!
You die...

#...#### #...#... # c.
.##...#.## #. l.#
'..#........
##'###########........
#.....#......#........
#.....#......##...#.##
#...E.#......##..)#(..
#....@#☼.....##...####
#.....e☼.....##...####
#######...†.......#...
########÷.......
#.#†..#... #.##......
#####.#.......
#.<...........
#.###.........


You could see a deep elf pyromancer and a fire elemental (summoned).

Vanquished Creatures
  Sigmund (D:3)
  A steam dragon (D:7)
  2 water moccasins (D:7)
  An orc warrior (D:7)
  3 ice beasts
  2 ogres
  3 black bears
  2 sky beasts
  3 centaurs
  A kobold brigand (D:3)
  Blork the orc (D:4)
  2 bullfrogs
  2 scorpions
  3 wights
  5 hounds
  2 bombardier beetles
  2 orc priests
  4 jellies
  3 sleepcaps
  6 iguanas
  2 hound zombies (D:5)
  6 adders
  A white imp (D:6)
  2 ufetubi (D:6)
  A dart slug (D:4)
  2 ribbon worms
  8 orcs
  A bat (D:1)
  10 endoplasms
  A giant cockroach (D:2)
  6 goblins
  10 hobgoblins
  A quokka (D:4)
  2 ball pythons
  2 frilled lizards (D:1)
  12 kobolds
  4 rats
120 creatures vanquished.

Notes
Turn   | Place    | Note
-------+----------+-------------------------------------------
     0 | D:1      | timneilson the Gargoyle Fighter began the quest for the
                  | Orb.
     0 | D:1      | Reached XP level 1. HP: 14/14 MP: 1/1
   248 | D:1      | Found Logiotz's Book Emporium.
   325 | D:1      | Reached XP level 2. HP: 19/19 MP: 2/2
  1093 | D:2      | Reached XP level 3. HP: 22/23 MP: 3/3
  1543 | D:2      | Found a faded altar of an unknown god.
  1963 | D:3      | Found a runed translucent gate.
  1963 | D:3      | Found a runed translucent gate.
  1963 | D:3      | Noticed partyrob117's ghost (amateur MiBe)
  1963 | D:3      | Identified the +2 leather armour of Nubi {rElec Regen+}
  1964 | D:3      | Found a runed translucent gate.
  1975 | D:3      | Found a sparkling altar of Nemelex Xobeh.
  1975 | D:3      | Found an opulent altar of Gozag.
  2051 | D:3      | Found a shadowy altar of Dithmenos.
  2054 | D:3      | Found a shimmering altar of Xom.
  2242 | D:3      | Noticed Sigmund
  2261 | D:3      | Killed Sigmund
  2262 | D:3      | Reached skill level 1 in Dodging
  2262 | D:3      | Reached skill level 4 in Shields
  2262 | D:3      | Reached XP level 4. HP: 20/29 MP: 1/4
  2262 | D:3      | Reached XP level 5. HP: 22/33 MP: 1/5
  2262 | D:3      | Reached XP level 6. HP: 26/38 MP: 1/6
  2557 | D:3      | Identified the +2 leather armour "Nytall" {rF+ Int+5
                  | Stlth+}
  2657 | D:4      | Found a runed translucent door.
  2658 | D:4      | Noticed experimilk's ghost (amateur TrGl)
  2757 | D:4      | Found a snail-covered altar of Cheibriados.
  2969 | D:4      | Noticed a black bear
  2986 | D:4      | Killed a black bear
  2987 | D:4      | Reached skill level 5 in Armour
  2987 | D:4      | Reached skill level 5 in Shields
  3089 | D:4      | Found a runed translucent door.
  3312 | D:4      | Reached XP level 7. HP: 43/43 MP: 5/7
  3460 | D:4      | Noticed Blork the orc
  3472 | D:4      | Killed Blork the orc
  3757 | D:5      | Entered Level 5 of the Dungeon
  3810 | D:5      | Reached XP level 8. HP: 48/48 MP: 8/8
  3821 | D:5      | Reached skill level 6 in Shields
  3945 | D:5      | Reached skill level 5 in Fighting
  4137 | D:5      | Found a staircase to the Ecumenical Temple.
  4147 | Temple   | Found a transporter.
  4147 | Temple   | Found a transporter.
  4147 | Temple   | Found a transporter.
  4147 | Temple   | Found a transporter.
  4147 | Temple   | Entered the Ecumenical Temple
  4160 | Temple   | Became a worshipper of Makhleb the Destroyer
  4287 | D:5      | Found a hide-covered altar of Uskayaw.
  4434 | D:5      | Found a basalt altar of Yredelemnul.
  4521 | D:5      | Identified a scroll of acquirement
  4521 | D:5      | Acquired a manual of Shields
  4559 | D:5      | Reached skill level 5 in Long Blades
  4651 | D:6      | Reached skill level 7 in Shields
  4889 | D:6      | Reached XP level 9. HP: 54/54 MP: 7/9
  5240 | D:6      | Reached skill level 1 in Invocations
  5397 | D:6      | Reached * piety under Makhleb
  5628 | D:6      | Acquired the +0 pair of gloves "Witi" {rC+ rN+ rCorr Int-3}
  5640 | D:6      | Acquired 769 gold pieces
  5642 | D:6      | Acquired a manual of Evocations
  5668 | D:7      | Reached skill level 1 in Evocations
  5677 | D:7      | Reached skill level 8 in Shields
  5775 | D:7      | Found an ornate altar of the Wu Jian Council.
  5937 | D:7      | Noticed a deep elf pyromancer
  6414 | D:7      | Identified the ring of Casuq {Str+6 Int+5}
  6446 | D:7      | Reached skill level 9 in Shields
  6461 | D:7      | Killed from afar by a deep elf pyromancer

Illustrated notes

Levels and vault maps discovered:
D:1:      dpeg_arrival_stone_temple_mockup, layout_loops_corners, serial_shops,
          shop, minmay_split_cup_large
D:2:      layout_basic, chequers_ecumenical_altar_grove, chequers_jeans
D:3:      cheibrodos_thug_alley, layout_rooms, grunt_temple_overflow_opulence,
          grunt_temple_overflow_open, biasface_ghost_orc_armoury, uniq_sigmund
D:4:      minmay_razor_zed, layout_gridville, cheibriados_altar_1,
          ebering_ghost_sewer_f, serial_bayou, serial_bayou_pond_d,
          serial_bayou_shore_b, serial_bayou_pond_a, serial_bayou_shore_b,
          uniq_blork_the_orc
D:5:      layout_rooms, lemuel_doored_altar, lemuel_zombie_altar_yredelemnul,
          minmay_temple_entry_overgrown, nicolae_underground_beach
D:6:      layout_basic
D:7:      minmay_clustersquares, layout_loops_cross,
          mainiacjoe_overflow_catwalk, kennysheep_windowed_goal
Temple:   hellmonk_temple_divided_pantheon

Skill      XL: |  1  2  3  4  5  6  7  8  9 |
---------------+----------------------------+-----
Long Blades    | 2 3 4 5 6 |  6.1
Armour         | 4 5 6 7 |  7.8
Dodging        | 1 2 3 |  3.5
Shields        | 4 5 7 9 |  9.0
Fighting       | 4 5 6 |  6.0
Invocations    | 2 |  2.3
Evocations     | 2 |  2.5

Action                     |  1- 3 |  4- 6 |  7- 9 || total
---------------------------+-------+-------+-------++-------
  Melee: Long sword        |   110 |    65 |   262 ||   437
         Scimitar          |       |       |   150 ||   150
    Use: Scroll            |    11 |     2 |    10 ||    23
         Potion            |     1 |       |     1 ||     2
   Stab: Invisible         |     1 |       |       ||     1
 Armour: Scale mail        |    55 |       |       ||    55
         Chain mail        |    20 |    52 |   369 ||   441
  Dodge: Dodged            |    42 |    17 |   206 ||   265
  Block: Buckler           |    24 |    23 |   149 ||   196

Table legend: (Time is in decaauts)
 A = Elapsed time spent in this place.
 B = Non-inter-level travel time spent in this place.
 C = Inter-level travel time spent in this place.
 D = Time resting spent in this place.
 E = Time spent auto-exploring this place.
 F = Levels seen in this place.
 G = Mean time per level.
                   A        B        C        D        E       F      G
               +--------+--------+--------+--------+--------+-----+--------+
         Total |   6604 |   6363 |    241 |    287 |   4378 |   8 |  825.5 |
       Dungeon |   6577 |   6346 |    231 |    287 |   4378 |   7 |  939.6 |
        Temple |     27 |     17 |     10 |      0 |      0 |   1 |   27.0 |
               +--------+--------+--------+--------+--------+-----+--------+

Top non-repeatable levels by time:
     D:4: 1223 daAuts
     D:6: 1049 daAuts
     D:2: 1002 daAuts
     D:1: 923 daAuts
     D:7: 837 daAuts
     D:3: 781 daAuts
     D:5: 760 daAuts
  Temple: 27 daAuts
